 Dungeon Sprint DCSS version 0.21-a0-349-g0c35859 (webtiles) character file.

240 Kidiri the Thaumaturge (level 5, -3/38 HPs)
             Began as a Draconian Earth Elementalist on Oct 7, 2017.
             Was a Priest of Sif Muna.
             Slain by a wight
             ... wielding a +4 war axe of freezing
              (8 damage)
             ... in the Dungeon (Sprint VII: "The Pits").
             The game lasted 00:05:17 (468 turns).

Kidiri the Thaumaturge (DrEE)                        Turns: 468, Time: 00:05:18

Health: -3/38      AC:  5    Str: 11    XL:     5   Next: 80%
Magic:  3/15       EV: 12    Int: 16    God:    Sif Muna [***...]
Gold:   0          SH:  0    Dex: 11    Spells: 7/20 levels left

rFire    . . .     SeeInvis .   a - +2 quarterstaff (protect)
rCold    . . .     Gourm    .   (shield currently unavailable)
rNeg     . . .     Faith    .   (armour unavailable)
rPois    .         Spirit   .   (helmet restricted)
rElec    .         Reflect  .   (no cloak)
rCorr    .         Harm     .   (no gloves)
MR       .....     NoTele   +   (no boots)
Stlth    ++........             (no amulet)
HPRegen  0.12/turn              (no ring)
MPRegen  0.14/turn              (no ring)

@: drained
A: unfitting armour, cold-blooded, AC +5
a: Divine Energy, Channel Magic, Renounce Religion


You were in the Dungeon.
You worshipped Sif Muna.
Sif Muna was most pleased with you.
You were very full.

You visited 1 branch

Inventory:

Hand Weapons
 a - a +2 quarterstaff of protection (weapon)
Missiles
 b - 19 stones (quivered)
Scrolls
 i - a scroll of blinking
 l - 3 scrolls of remove curse
 m - 5 scrolls of amnesia
 n - a scroll of summoning
Potions
 d - 6 potions of curing
 e - 6 potions of heal wounds
 f - a potion of haste
 g - 2 potions of magic
 h - 3 potions of berserk rage
 k - 2 potions of invisibility
Comestibles
 c - 8 bread rations
 o - 29 fruits
 p - 7 meat rations


   Skills:
 - Level 1.7(1.4) Dodging
 - Level 1.7(1.4) Stealth
 * Level 8.1(7.7) Spellcasting
 - Level 1.0(0.6) Transmutations
 + Level 6.7(6.3) Earth Magic
 + Level 6.3(5.9) Invocations


You had 7 spell levels left.
You knew the following spells:

 Your Spells              Type           Power        Failure   Level  Hunger
a - Sandblast             Erth           ####..       1%          1    None
b - Stone Arrow           Conj/Erth      ###...       10%         3    ##.....
c - Petrify               Tmut/Erth      ###.....     26%         4    ####...
d - Lee's Rapid Deconstr  Erth           ####......   24%         5    #####..


Dungeon Overview and Level Annotations

Branches:
Dungeon (1/1)

Altars:
Ashenzari
Cheibriados
Dithmenos
Elyvilon
Fedhas
Gozag
Hepliaklqana
Kikubaaqudgha
Makhleb
Nemelex Xobeh
Okawaru
Qazlal
Ru
Sif Muna
Trog
Uskayaw
Vehumet
Wu Jian
Xom
Yredelemnul
Zin
The Shining One
Beogh
Jiyva
Lugonu


Innate Abilities, Weirdness & Mutations

Your plain brown scales are hard. (AC +5)
You cannot fit into any form of body armour.
You are cold-blooded and may be slowed by cold attacks.


Message History

You miscast Lee's Rapid Deconstruction.
Sif Muna protects you from the effects of your miscast!
The wight hits you with a war axe of freezing!
You feel drained.
* * * LOW HITPOINT WARNING * * *
The wight freezes you.
* * * LOW HITPOINT WARNING * * *
Okay, then.
Unknown command.
Unknown command.
Unknown command.
Unknown command.
Casting: Lee's Rapid Deconstruction
Confirm with . or Enter, or press ? or * to list all spells.
Aiming: Stone Arrow
Press: ? - help, Shift-Dir - straight line The stone arrow hits the wight.
The wight is severely damaged.
The wight hits you with a war axe of freezing!
You die...

#.......)..)'.....
#'#####+#####.....
#.#..#..#[[##.....
#.#..+..#))#####+#
#.#..####))##.....
#.#..#..#))##.....
#.#..#..#.:##.....
#.##+#..#+###...<.
#@#..).....##.....
#z#........##.....
#z###########.....
#cz.z...# ######
#Y.#.#z.# #.## #
#.. #.# #..


You could see a sky beast, a centaur and 3 wights.

Vanquished Creatures
  A hungry ghost (D)
  An ice beast (D)
  2 ufetubi (D)
  An adder skeleton (D)
  3 hobgoblins (D)
  3 kobolds (D)
11 creatures vanquished.

Notes
Turn   | Place    | Note
-------+----------+-------------------------------------------
     0 | D        | Kidiri the Draconian Earth Elementalist began the quest for the Orb.
     0 | D        | Reached XP level 1. HP: 14/14 MP: 3/3
    57 | D        | Found a bloodstained altar of Trog.
    57 | D        | Found a deep blue altar of Sif Muna.
    57 | D        | Found a viscous altar of Jiyva.
    57 | D        | Found a hazy altar of Hepliaklqana.
    57 | D        | Found an opulent altar of Gozag.
    58 | D        | Found a glowing golden altar of the Shining One.
    58 | D        | Found a glowing silver altar of Zin.
    58 | D        | Found a basalt altar of Yredelemnul.
    58 | D        | Found a shimmering altar of Xom.
    58 | D        | Found an ornate altar of the Wu Jian Council.
    58 | D        | Found a sacrificial altar of Ru.
    58 | D        | Found a stormy altar of Qazlal.
    58 | D        | Found an iron altar of Okawaru.
    58 | D        | Found a sparkling altar of Nemelex Xobeh.
    58 | D        | Found a burning altar of Makhleb.
    58 | D        | Found a blossoming altar of Fedhas.
    58 | D        | Found a white marble altar of Elyvilon.
    58 | D        | Found a shadowy altar of Dithmenos.
    58 | D        | Found a snail-covered altar of Cheibriados.
    60 | D        | Found a radiant altar of Vehumet.
    60 | D        | Found a corrupted altar of Lugonu.
    60 | D        | Found a roughly hewn altar of Beogh.
    61 | D        | Found a hide-covered altar of Uskayaw.
    61 | D        | Found an ancient bone altar of Kikubaaqudgha.
    61 | D        | Found a shattered altar of Ashenzari.
    63 | D        | Became a worshipper of Sif Muna the Loreminder
    95 | D        | Reached skill level 3 in Spellcasting
    95 | D        | Reached skill level 1 in Invocations
    95 | D        | Reached XP level 2. HP: 20/20 MP: 4/6
   123 | D        | Reached * piety under Sif Muna
   163 | D        | Reached skill level 4 in Spellcasting
   193 | D        | Noticed a hungry ghost
   207 | D        | Killed a hungry ghost
   207 | D        | Reached ** piety under Sif Muna
   207 | D        | Reached skill level 6 in Spellcasting
   207 | D        | Reached skill level 5 in Earth Magic
   207 | D        | Reached skill level 5 in Invocations
   207 | D        | Reached XP level 3. HP: 7/26 MP: 7/11
   207 | D        | Reached XP level 4. HP: 9/33 MP: 7/12
   207 | D        | Reached XP level 5. HP: 11/38 MP: 8/14
   214 | D        | Learned a level 3 spell: Stone Arrow
   219 | D        | Learned a level 4 spell: Petrify
   225 | D        | Learned a level 5 spell: Lee's Rapid Deconstruction
   460 | D        | Noticed an ice beast
   462 | D        | Noticed a centaur
   462 | D        | Noticed a sky beast
   462 | D        | Killed an ice beast
   462 | D        | Reached *** piety under Sif Muna
   462 | D        | Reached skill level 8 in Spellcasting
   468 | D        | Slain by a wight

Vault maps used:
D:        pitsprint

Skill      XL: |  1  2  3  4  5 |
---------------+----------------+-----
Spellcasting   | 3 6 8 |  8.1
Invocations    | 1 5 6 |  6.3
Earth Magic    | 5 6 |  6.7
Dodging        | |  1.7
Stealth        | |  1.7
Transmutations | |  1.0

Action                   |  1- 3 |  4- 6 || total
-------------------------+-------+-------++-------
Melee: Unarmed           |     5 |       ||     5
       Quarterstaff      |     3 |       ||     3
       Tailslap          |     1 |       ||     1
 Cast: Sandblast         |    18 |     3 ||    21
       Lee's Rapid Decon |       |     2 ||     2
       Stone Arrow       |       |     1 ||     1
  Use: Potion            |     1 |     1 ||     2
  Eat: Fruit             |       |    11 ||    11
       Chunk             |       |     2 ||     2
Armor: Skin              |     5 |     1 ||     6
Dodge: Dodged            |    12 |     2 ||    14

Table legend:
 A = Spawn XP
 B = Non-spawn XP
 C = Spawn XP percentage of total XP
 D = Spawn monster count
 E = Non-spawn monster count
 F = Spawn count percentage of total count
 G = Total turns spent on level
                    A         B        C        D         E        F      G
               +---------+---------+-------+---------+---------+-------+---------
         Total |       0 |     344 |   0.0 |       0 |      11 |   0.0 |   468
               +---------+---------+-------+---------+---------+-------+---------
             D |       0 |     344 |   0.0 |       0 |      11 |   0.0 |   468
               +---------+---------+-------+---------+---------+-------+---------
